 Dungeon Crawl Stone Soup version 0.22.1-6-g1668fe2c40 (webtiles) character file.

59783 Kisielow the Fencer (level 14, -11/129 HPs)
             Began as a Minotaur Fighter on Jan 14, 2019.
             Was the Champion of Okawaru.
             Killed from afar by an ice dragon (73 damage)
             ... with a blast of cold
             ... on level 6 of the Lair of Beasts on Jan 19, 2019.
             The game lasted 00:57:40 (20883 turns).

Kisielow the Fencer (Minotaur Fighter)             Turns: 20883, Time: 00:57:42

Health: -11/129    AC: 24    Str: 32    XL:     14   Next: 54%
Magic:  20/20      EV:  8    Int:  5    God:    Okawaru [******]
Gold:   1087       SH: 14    Dex:  8    Spells: 13/13 levels left

rFire    + + .     SeeInvis .   M - +8 long sword (flame)
rCold    x . .     Gourm    .   c - +0 shield
rNeg     . . .     Faith    .   D - +2 plate armour {MR+}
rPois    +         Spirit   .   (helmet unavailable)
rElec    .         Reflect  .   k - scarf {cloud immunity}
rCorr    .         Harm     .   A - +1 pair of gloves
MR       ++...                  (no boots)
Stlth    ..........             J - amulet of rage
HPRegen  0.31/turn              F - ring "Pyneitar" {Fire *Corrode rPois Str+6}
MPRegen  0.17/turn              z - +4 ring of protection

@: drained
A: retaliatory headbutt, horns 3, clumsy 1, fire resistance 1, sturdy frame 1
a: Heroism, Finesse, Renounce Religion, Evoke Berserk Rage


You were on level 6 of the Lair of Beasts.
You worshipped Okawaru.
Okawaru was exalted by your worship.
You were not hungry.

You visited 3 branches of the dungeon, and saw 18 of its levels.
You also visited: Volcano.

You collected 1087 gold pieces.

Inventory:

Hand Weapons
 M - a +8 long sword of flaming (weapon)
 O - a +2 scimitar of freezing
 S - a +1 long sword of holy wrath
Armour
 c - a +0 shield (worn)
 k - a scarf of cloud immunity (worn)
 s - a +2 cloak
 A - a +1 pair of gloves (worn)
 D - a +2 plate armour of magic resistance (worn)
Jewellery
 b - an uncursed ring of fire
 j - an uncursed ring of ice
 n - the ring of Touch {rPois rN+}
   (You found it on level 3 of the Lair of Beasts)

   [ring of positive energy]

   It protects you from poison.
   It protects you from negative energy.
 t - a +3 ring of dexterity
 z - a +4 ring of protection (right hand)
 F - the ring "Pyneitar" (left hand) {Fire *Corrode rPois Str+6}
   (You found it on level 7 of the Dungeon)

   [ring of fire]

   It enhances your fire magic.
   It affects your strength (+6).
   It protects you from fire.
   It makes you vulnerable to cold.
   It protects you from poison.
   It may corrode you when you take damage.
 I - an uncursed ring of see invisible
 J - an amulet of rage (around neck)
 Q - an uncursed ring of ice
Wands
 a - a wand of clouds (1)
 d - a wand of polymorph (14)
 p - a wand of scattershot (2)
 q - a wand of acid (23)
 w - a wand of enslavement (27)
 x - a wand of flame (23)
 E - a wand of paralysis (18)
 R - a wand of iceblast (6)
Scrolls
 h - 4 scrolls of fear
 m - a scroll of enchant armour
 u - 2 scrolls of magic mapping
 y - 9 scrolls of teleportation
 B - 4 scrolls of remove curse
 P - 2 scrolls of fog
Potions
 e - 6 potions of agility
 g - 2 potions of ambrosia
 i - 2 potions of flight
 l - a potion of berserk rage
 o - 4 potions of cancellation
 r - a potion of curing
 C - a potion of might
 H - 2 potions of lignification
 K - a potion of resistance
 L - 2 potions of invisibility
 N - 3 potions of brilliance
Miscellaneous
 v - a box of beasts
 G - a lamp of fire
Comestibles
 f - 25 rations
 T - 8 chunks of flesh


   Skills:
 + Level 13.2 Fighting
 * Level 15.4 Long Blades
 + Level 13.2 Armour
 + Level 13.3(13.2) Shields
 - Level 10.0(9.9) Invocations
 - Level 6.0(5.9) Evocations


You had 13 spell levels left.
You didn't know any spells.
Your spell library contained the following spells:

 Spells                   Type           Power        Failure   Level  Hunger
 Animate Skeleton         Necr           N/A          94%         1    ##.....
 Apportation              Tloc           #.....       94%         1    ##.....
 Beastly Appendage        Tmut           #.....       94%         1    ##.....
 Confusing Touch          Hex            #.....       94%         1    ##.....
 Magic Dart               Conj           #...         94%         1    ##.....
 Pain                     Necr           #...         94%         1    ##.....
 Summon Butterflies       Summ           #.......     94%         1    ##.....
 Summon Small Mammal      Summ           #...         94%         1    ##.....
 Blink                    Tloc           N/A          98%         2    ###....
 Call Imp                 Summ           #.......     98%         2    ###....
 Corpse Rot               Necr           N/A          98%         2    ###....
 Slow                     Hex            #.......     98%         2    ###....
 Sticks to Snakes         Tmut           #.......     98%         2    ###....
 Sublimation of Blood     Necr           #.........   98%         2    ###....
 Throw Flame              Conj/Fire      #.....       98%         2    ###....
 Confuse                  Hex            #.......     100%        3    ####...
 Conjure Flame            Conj/Fire      #.......     100%        3    ####...
 Gell's Gravitas          Tloc           #.........   100%        3    ####...
 Lesser Beckoning         Tloc           #.........   100%        3    ####...
 Mephitic Cloud           Conj/Pois/Air  #.......     100%        3    ####...
 Spider Form              Tmut/Pois      #.........   100%        3    ####...
 Stone Arrow              Conj/Erth      #.....       100%        3    ####...
 Tukima's Dance           Hex            #.......     100%        3    ####...
 Cause Fear               Hex            #.........   100%        4    #####..
 Ice Form                 Ice/Tmut       #.......     100%        4    #####..
 Leda's Liquefaction      Hex/Erth       #.........   100%        4    #####..
 Petrify                  Tmut/Erth      #.......     100%        4    #####..
 Alistair's Intoxication  Tmut/Pois      #.......     100%        5    ######.
 Blade Hands              Tmut           #.........   100%        5    ######.
 Bolt of Magma            Conj/Fire/Erth #.........   100%        5    ######.
 Iskenderun's Battlesphe  Conj/Chrm      #.......     100%        5    ######.
 Metabolic Englaciation   Hex/Ice        #.........   100%        5    ######.
 Silence                  Hex/Air        #.........   100%        5    ######.
 Summon Forest            Summ/Tloc      #.........   100%        5    ######.
 Venom Bolt               Conj/Pois      #.........   100%        5    ######.
 Yara's Violent Unravell  Hex/Tmut       #.........   100%        5    ######.
 Bolt of Fire             Conj/Fire      #.........   100%        6    #######
 Deflect Missiles         Chrm/Air       #.........   100%        6    #######
 Hydra Form               Tmut           #.........   100%        6    #######
 Invisibility             Hex            #.......     100%        6    #######
 Iron Shot                Conj/Erth      #.........   100%        6    #######
 Orb of Destruction       Conj           #.........   100%        7    #######
 Spellforged Servitor     Conj/Summ      #.........   100%        7    #######
 Summon Hydra             Summ           #.........   100%        7    #######
 Discord                  Hex            #.........   100%        8    #######


Dungeon Overview and Level Annotations

Branches:
Dungeon (11/15)            Temple (1/1) D:7            Lair (6/6) D:9
  Swamp (0/4) Lair:4       Spider (0/4) Lair:4        Slime (0/5) Lair:6
    Orc (0/2) D:10

Altars:
Ashenzari
Cheibriados
Dithmenos
Elyvilon
Fedhas
Gozag
Hepliaklqana
Kikubaaqudgha
Makhleb
Nemelex Xobeh
Okawaru
Qazlal
Ru
Sif Muna
Trog
Uskayaw
Vehumet
Wu Jian
Xom
Yredelemnul
Zin
The Shining One
Jiyva

Shops:
D:4 (

Annotations:
D:7 1 runed door


Innate Abilities, Weirdness & Mutations

You reflexively headbutt those who attack you in melee.
You have a pair of large horns on your head.
You are clumsy. (Dex -2)
Your flesh is heat resistant. (rF+)
Your movements are slightly less encumbered by armour. (ER -2)


Message History

You headbutt the ice dragon, but do no damage.
You block the ice dragon's attack. x2
The ice dragon tramples you but does no damage.
You hit the ice dragon but do no damage.
You headbutt the ice dragon, but do no damage.
The ice dragon bites you. The ice dragon closely misses you.
You block the ice dragon's attack.
You slice the ice dragon!! You burn the ice dragon.
The ice dragon is moderately wounded.
Your shield and plate armour prevent you from hitting the ice dragon.
The ice dragon is moderately wounded.
The ice dragon bites you but does no damage.
The ice dragon barely misses you. The ice dragon completely misses you.
You slash the ice dragon! You burn the ice dragon!
Your headbutt misses the ice dragon.
The ice dragon is heavily wounded.
The ice dragon breathes frost at you. The blast of cold hits you!
You feel a terrible chill!
Ouch! That really hurt!
You die...

....# #..PP.....#.....P###
#.## ...##
#.....#...##...P...###..P
...##
##...#.#####P............
....# ##.P...##
#####.....)..... ...##
##..#######$$###...........
.### #....#
##$$$$##........... ##
###..## #$$$$$###..........
### ##..###$D.$#
#...[...... #.# #....###@$#
#.#....#.## .## ###...#'###
######.### ..###### ##.⌠.##
### ....##.# ###...#
#.....#####....##
###....#.#....## #
##........### ####...##.#
########


You could see an ice dragon.

Vanquished Creatures
  The ghost of nebel the Spry, a journeyman KoBe of Trog (Lair:6)
  Harold (D:9)
  Fannar (Lair:2)
  A fire dragon (Lair:6)
  The ghost of Crl the Thaumaturge, a journeyman GnWz of Vehumet (Lair:2)
  Erolcha (D:9)
  5 hydras
  The ghost of Pegiufabre the Martial Artist, a journeyman DsMo of Ru (Lair:1)
  2 two-headed ogres
  A queen ant (Lair:3)
  A dancing weapon (Lair:1)
  12 death yaks
  A hell knight (Volcano)
  A salamander mystic (Volcano)
  A swamp dragon (Lair:6)
  A harpy (D:7)
  2 lindwurms (Lair:6)
  2 oklob plants (Lair:3)
  3 elephants (Lair:5)
  5 salamanders (Volcano)
  4 black mambas
  3 rime drakes
  6 torpor snails (Lair:6)
  9 spiny frogs
  4 komodo dragons
  A queen bee (D:10)
  2 polar bears
  3 jumping spiders (Lair:4)
  10 hornets (Lair:6)
  2 trolls
  Grinder (D:4)
  3 bog bodies (Lair:4)
  A slime creature (D:7)
  22 blink frogs
  3 tyrant leeches (Lair:6)
  2 hippogriffs
  2 spriggans (Lair:6)
  36 yaks
  4 basilisks
  Grum (D:9)
  A fire bat (D:5)
  A warg (D:10)
  A steam dragon (D:8)
  8 soldier ants (Lair:3)
  4 acid dragons
  8 porcupines
  7 orc warriors
  11 water moccasins
  A swamp drake (Lair:6)
  An ice beast (D:5)
  2 sky beasts
  An eye of draining (D:10)
  2 phantoms
  5 black bears
  5 wolves
  2 ogres
  The ghost of PeterQ the Insei, an amateur GnTm (D:4)
  5 boggarts (Lair:6)
  2 centaurs (D:9)
  13 crocodiles
  10 bullfrogs
  A wyvern skeleton (D:8)
  A water moccasin skeleton (D:4)
  Dowan (D:5)
  2 scorpions
  2 killer bees (D:7)
  An electric eel (Lair:4)
  7 wights
  3 howler monkeys (D:7)
  5 crimson imps
  3 bullfrog zombies (D:6)
  7 hounds
  2 jellies
  2 bullfrog skeletons
  11 orc priests
  2 centaur skeletons
  16 orc wizards
  4 iguanas
  20 worker ants
  2 killer bee zombies
  A howler monkey zombie (D:6)
  7 adders
  7 gnolls
  2 shadow imps
  2 oozes (D:2)
  An adder zombie (D:5)
  2 adder skeletons
  5 worms
  3 dart slugs
  8 leopard geckos
  51 orcs
  6 giant cockroaches
  6 goblins
  8 hobgoblins
  8 jackals
  3 kobolds
  2 quokkas (D:3)
  A ball python (D:4)
  7 bats
  3 frilled lizards
  A leopard gecko zombie (D:5)
  3 quokka skeletons
  9 rats
  A plant (Lair:6)
493 creatures vanquished.

Vanquished Creatures (collateral kills)
  A two-headed ogre (D:7)
  An ice beast (D:7)
  An ogre (D:7)
  An adder (D:7)
  An adder skeleton (D:7)
5 creatures vanquished.

Vanquished Creatures (others)
  A hippogriff (D:7)
  A water moccasin (D:7)
  11 fungi
  31 plants
44 creatures vanquished.

Grand Total: 542 creatures vanquished

Notes
Turn   | Place    | Note
-------+----------+-------------------------------------------
     0 | D:1      | Kisielow the Minotaur Fighter began the quest for the Orb.
     0 | D:1      | Reached XP level 1. HP: 19/19 MP: 0/0
   129 | D:1      | Reached skill level 3 in Long Blades
   189 | D:1      | Reached XP level 2. HP: 14/26 MP: 1/1
   790 | D:2      | Reached skill level 4 in Long Blades
   913 | D:2      | Reached XP level 3. HP: 28/31 MP: 2/2
  1197 | D:2      | Found a white marble altar of Elyvilon.
  1539 | D:3      | Reached XP level 4. HP: 15/40 MP: 3/3
  1775 | D:3      | Reached skill level 5 in Long Blades
  1790 | D:3      | Reached XP level 5. HP: 17/46 MP: 4/4
  2185 | D:3      | Gained mutation: You are clumsy. (Dex -2) [potion of
                  | mutation]
  2185 | D:3      | Gained mutation: Your flesh is heat resistant. (rF+)
                  | [potion of mutation]
  2185 | D:3      | Gained mutation: You have a pair of large horns on your
                  | head. [potion of mutation]
  2185 | D:3      | Gained mutation: Your movements are slightly less
                  | encumbered by armour. (ER -2) [potion of mutation]
  2283 | D:3      | Noticed a black bear
  2290 | D:3      | Killed a black bear
  2398 | D:3      | Found a glowing golden altar of the Shining One.
  2585 | D:3      | Reached skill level 6 in Long Blades
  2585 | D:3      | Reached XP level 6. HP: 47/53 MP: 5/5
  3016 | D:4      | Found a transporter.
  3016 | D:4      | Noticed PeterQ's ghost (amateur GnTm)
  3022 | D:4      | Found a transporter.
  3528 | D:4      | Noticed Grinder
  3529 | D:4      | Paralysed by Grinder for 3 turns
  3541 | D:4      | Killed Grinder
  3541 | D:4      | Reached skill level 5 in Fighting
  3541 | D:4      | Reached skill level 5 in Armour
  3541 | D:4      | Reached skill level 5 in Shields
  3541 | D:4      | Reached XP level 7. HP: 60/61 MP: 6/6
  3585 | D:4      | Reached skill level 7 in Long Blades
  3817 | D:4      | Found Gohou's Weapon Shoppe.
  3943 | D:4      | Killed PeterQ's ghost
  4014 | D:5      | Entered Level 5 of the Dungeon
  4078 | D:5      | Noticed Duvessa
  4082 | D:5      | Noticed Duvessa
  4082 | D:5      | Duvessa changed into Duvessa the fire bat
  4085 | D:5      | Noticed Dowan
  4109 | D:5      | Killed Dowan
  4126 | D:5      | Killed Duvessa the fire bat
  4126 | D:5      | Reached skill level 8 in Long Blades
  4126 | D:5      | Reached XP level 8. HP: 37/70 MP: 7/7
  4470 | D:5      | Found a glowing silver altar of Zin.
  5020 | D:6      | Reached skill level 9 in Long Blades
  5776 | D:7      | Noticed a hippogriff
  5785 | D:7      | Killed a hippogriff
  5785 | D:7      | Reached XP level 9. HP: 69/79 MP: 8/8
  5839 | D:7      | Reached skill level 10 in Long Blades
  6252 | D:7      | Found a runed door.
  6263 | D:7      | Found a runed door.
  6430 | D:7      | Noticed a harpy
  6430 | D:7      | a hornet changed into a harpy
  6433 | D:7      | Killed a harpy
  6500 | D:7      | Reached skill level 1 in Evocations
  6516 | D:7      | Noticed a two-headed ogre
  6520 | D:7      | Noticed a two-headed ogre
  6534 | D:7      | Killed a two-headed ogre
  6534 | D:7      | Reached skill level 11 in Long Blades
  6551 | D:7      | Killed a two-headed ogre
  6551 | D:7      | Reached XP level 10. HP: 62/88 MP: 10/10
  6597 | D:7      | Got a warped silver ring
  6619 | D:7      | Identified the ring "Pyneitar" {Fire *Corrode rPois Str+6}
                  | (You found it on level 7 of the Dungeon)
  6979 | D:7      | Found a staircase to the Ecumenical Temple.
  8105 | D:8      | Found a hazy altar of Hepliaklqana.
  8236 | D:9      | Noticed Harold
  8252 | D:9      | Killed Harold
  8410 | D:9      | Reached skill level 5 in Evocations
  8416 | D:9      | Found a sparkling altar of Nemelex Xobeh.
  8425 | D:9      | Found a sacrificial altar of Ru.
  8428 | D:9      | Found a shimmering altar of Xom.
  8428 | D:9      | Found an opulent altar of Gozag.
  8428 | D:9      | Found an ancient bone altar of Kikubaaqudgha.
  8428 | D:9      | Found a shadowy altar of Dithmenos.
  8428 | D:9      | Found a deep blue altar of Sif Muna.
  8429 | D:9      | Found a stormy altar of Qazlal.
  8430 | D:9      | Found a bloodstained altar of Trog.
  8627 | D:9      | Found a staircase to the Lair.
  8637 | D:9      | Reached XP level 11. HP: 77/97 MP: 12/14
  8646 | D:9      | Noticed Grum
  8651 | D:9      | Killed Grum
  8727 | D:9      | Noticed Erolcha
  8737 | D:9      | Killed Erolcha
  8978 | D:10     | Entered Level 10 of the Dungeon
  9103 | D:10     | Reached skill level 12 in Long Blades
  9231 | D:10     | Noticed a two-headed ogre
  9249 | D:10     | Killed a two-headed ogre
  9359 | D:10     | Found a staircase to the Orcish Mines.
  9418 | D:10     | Reached skill level 10 in Armour
  9418 | D:10     | Reached skill level 10 in Shields
  9529 | D:10     | Reached skill level 10 in Fighting
 10126 | Temple   | Entered the Ecumenical Temple
 10138 | Temple   | Became a worshipper of Warmaster Okawaru
 10512 | Lair:1   | Entered Level 1 of the Lair of Beasts
 10830 | Lair:1   | Reached * piety under Okawaru
 10856 | Lair:1   | Reached skill level 13 in Long Blades
 11079 | Lair:1   | Found a runed door.
 11080 | Lair:1   | Found a shimmering altar of Xom.
 11080 | Lair:1   | Noticed Pegiufabre's ghost (journeyman DsMo)
 11080 | Lair:1   | Noticed a dire flail of chaos
 11139 | Lair:1   | Reached skill level 1 in Invocations
 11374 | Lair:1   | Reached ** piety under Okawaru
 11908 | Lair:1   | Killed Pegiufabre's ghost
 11908 | Lair:1   | Reached XP level 12. HP: 84/108 MP: 15/15
 11925 | Lair:1   | Got a transparent hand crossbow
 11957 | Lair:1   | Identified the +2 hand crossbow "Ziepn" {venom, rPois rC+
                  | Dex+6 Stlth-} (You found it on level 1 of the Lair of
                  | Beasts)
 12206 | Lair:1   | Upgraded the game from 0.22.1-5-g62c59d919a to
                  | 0.22.1-6-g1668fe2c40
 12230 | Lair:2   | Noticed Fannar
 12237 | Lair:2   | Killed Fannar
 12276 | Lair:2   | Reached *** piety under Okawaru
 12784 | Lair:2   | Noticed Crl's ghost (journeyman GnWz)
 12785 | Lair:2   | Found a large runed door.
 12785 | Lair:2   | Found a large runed door.
 12821 | Lair:2   | Killed Crl's ghost
 13434 | Lair:3   | Found a dark tunnel.
 13461 | Lair:3   | Got a bound copper ring
 13463 | Lair:3   | Identified the ring of Touch {rPois rN+} (You found it on
                  | level 3 of the Lair of Beasts)
 13617 | Volcano  | Entered a volcano
 13698 | Volcano  | Reached skill level 5 in Invocations
 13977 | Volcano  | Reached **** piety under Okawaru
 14484 | Lair:3   | Noticed a queen ant
 14507 | Lair:3   | Killed a queen ant
 14618 | Lair:3   | Noticed a seven-headed hydra
 14631 | Lair:3   | Killed a seven-headed hydra
 14988 | Lair:3   | Identified the Handbook of Sinister Secrets and Heat
 15136 | Lair:3   | Reached ***** piety under Okawaru
 15321 | Lair:3   | Reached XP level 13. HP: 46/117 MP: 16/16
 15805 | Lair:3   | Reached skill level 14 in Long Blades
 15991 | Lair:4   | Found the +3 robe of Clouds {+Fly rElec}
 16358 | Lair:4   | Found a staircase to the Swamp.
 16464 | Lair:4   | Found a hole to the Spider Nest.
 16959 | Lair:5   | Reached ****** piety under Okawaru
 17438 | Lair:5   | Received a gift from Okawaru
 17966 | Lair:6   | Entered Level 6 of the Lair of Beasts
 18080 | Lair:6   | Received a gift from Okawaru
 18097 | Lair:6   | HP: 2/119 [acid (11)]
 18429 | Lair:6   | Found a runed door.
 18431 | Lair:6   | Noticed nebel's ghost (journeyman KoBe)
 18485 | Lair:6   | Found a staircase to the Slime Pits.
 18486 | Lair:6   | Found a viscous altar of Jiyva.
 18589 | Lair:6   | Reached XP level 14. HP: 126/127 MP: 19/19
 19169 | Lair:6   | Received a gift from Okawaru
 19630 | Lair:6   | Reached skill level 10 in Invocations
 20015 | Lair:6   | Reached skill level 15 in Long Blades
 20061 | Lair:6   | Found a runed door.
 20728 | Lair:6   | Killed nebel's ghost
 20883 | Lair:6   | Killed from afar by an ice dragon

Skill      XL: |  1  2  3  4  5  6  7  8  9 10 11 12 13 14 |
---------------+-------------------------------------------+-----
Long Blades    | 3 4 5 6 8 9 11 13 14 15 | 15.4
Armour         | 4 5 6 7 8 9 10 11 12 13 | 13.2
Fighting       | 4 5 7 8 9 10 11 12 13 | 13.2
Shields        | 4 5 7 8 9 10 11 12 13 | 13.3
Evocations     | 2 5 6 |  6.0
Invocations    | 2 6 9 10 | 10.0

Action                   |  1- 3 |  4- 6 |  7- 9 | 10-12 | 13-15 || total
-------------------------+-------+-------+-------+-------+-------++-------
Melee: Long sword        |    85 |   115 |   288 |   744 |   475 ||  1707
       Headbutt          |     9 |    17 |    58 |   186 |    99 ||   369
       Unarmed           |       |     7 |       |       |       ||     7
       Rapier            |       |       |       |     8 |       ||     8
Invok: Heroism           |       |       |       |     2 |     2 ||     4
       Finesse           |       |       |       |       |     1 ||     1
Evoke: Wand              |       |       |     7 |    16 |     3 ||    26
  Use: Scroll            |       |    13 |     6 |     7 |    13 ||    39
       Potion            |       |     2 |     4 |    10 |     6 ||    22
 Stab: Paralysed         |       |       |       |     8 |       ||     8
  Eat: Chunk             |     2 |     5 |     8 |    18 |    18 ||    51
       Ration            |       |       |     1 |     3 |       ||     4
Armor: Scale mail        |    29 |    40 |    37 |       |       ||   106
       Chain mail        |       |       |    98 |     4 |       ||   102
       Plate armour      |       |       |       |   264 |   186 ||   450
Dodge: Dodged            |    26 |    36 |    75 |   157 |   105 ||   399
Block: Shield            |    53 |    59 |   143 |   393 |   280 ||   928
       Rpst.: Long sword |     8 |     9 |    14 |    46 |    26 ||   103
